 Dungeon Sprint DCSS version 0.16-b1 (webtiles) character file.

343 Medar the Basher (level 6, 0/75 HPs)
             Began as an Ogre Chaos Knight on Mar 5, 2015.
             Slain by Sonja
             ... wielding a +0 dagger of distortion
              (15 damage)
             ... in the Dungeon (Sprint I: "Red Sonja").
             The game lasted 00:03:16 (383 turns).

Medar the Basher (Ogre Chaos Knight)                 Turns: 383, Time: 00:03:16

Health: 0/75       AC:  5    Str: 20    XL:     6   Next: 57%
Magic:  6/6        EV: 10    Int: 11    God:    Xom [..*...]
Gold:   6          SH:  0    Dex:  9    Spells: 0 memorised, 5 levels left

rFire  . . .     SeeInvis .     j - +0 giant club
rCold  . . .     Clarity  .     b - +2 robe
rNeg   . . .     SustAb   .     (shield restricted)
rPois  .         Gourm    .     (helmet restricted)
rElec  .         Spirit   .     (no cloak)
rCorr  .         Warding  .     (gloves unavailable)
rMut   .         NoTele   +     (boots unavailable)
MR     .....                    (no amulet)
Stlth  +.........               (no ring)
                                (no ring)

@: short of breath, slowed, very slow, not resistant to hostile enchantments,
very unstealthy
A: unfitting armour, tough skin 1
a: Renounce Religion


You were in the Dungeon.
You worshipped Xom.
You were a toy of Xom.
You were not hungry.

You visited 1 branch You collected 297 gold pieces.
You spent 291 gold pieces at shops.

Inventory:

Hand weapons
 a - a +0 mace of chaos
 j - a +0 giant club (weapon)
Armour
 b - a +2 robe (worn)
Scrolls
 i - a scroll of blinking
 m - 2 scrolls of remove curse {@r1}
Potions
 e - 2 potions of heal wounds
 f - a potion of haste
 g - 2 potions of magic
 h - a potion of berserk rage {!q}
 k - a potion of invisibility {unknown}
 l - 2 potions of brilliance {unknown}
Comestibles
 c - a meat ration


   Skills:
 + Level 9.2 Fighting
 * Level 13.5 Maces & Flails
 - Level 3.3 Armour
 - Level 4.0 Dodging


You had 5 spell levels left.
You didn't know any spells.

Dungeon Overview and Level Annotations

Branches:
Dungeon (1/1)

Altars:
Elyvilon
Gozag
Kikubaaqudgha
Makhleb
Nemelex Xobeh
Okawaru
Qazlal
Ru
Sif Muna
Trog
Vehumet
Xom
Yredelemnul
Zin
The Shining One

Shops:
D *

Annotations:
D Sonja


Innate Abilities, Weirdness & Mutations

You are too large for most types of armour.
You have tough skin (AC +1).


Message History

Sonja hits you with an uncursed dagger of distortion.
Sonja barely misses you. Sonja hits you but does no damage.
Sonja hits you with an uncursed dagger of distortion.
Space warps horribly around you! Sonja hits you but does no damage.
Space bends around you.
* * * LOW HITPOINT WARNING * * *
You emit a cloud of colourful smoke!
Sonja hits you with an uncursed dagger of distortion.
* * * LOW HITPOINT WARNING * * *
Space bends around you.
* * * LOW HITPOINT WARNING * * *
Unknown command.
Drink which item? (? for menu, Esc to quit)
You feel better.
Sonja hits you with an uncursed dagger of distortion.
* * * LOW HITPOINT WARNING * * *
Space warps horribly around you!
You die...
Xom cackles wildly!

#<.#..'.†#..'..#__*,,+,,,*,,*
#..').#..'.)#..+,,+,,*,,,**+*
#..#####'#####'#__****,,,+,,*
#..####..#...#.#***,,*****,,+
#..#__####..##.#≈≈≈,,*,,**+**
#..#_..__##'#..+≈≈≈,,+,,*,,,,
#⌠⌠#_.∩...'.§§_#≈≈≈,,*,,*,,,,
####_§§§_##_§#+#*+*****+***,,
*,,#_____###@#,*,,,,***,+,*,,
***#######*#K#***+***,***,*,,
*∩,,,,,,,,+$§$+,,,,,+,∩**,*,,
***++++***#$.$#**********,**+
*,,,,,,,**##.##*,,,,,,,**,**,
*,,,,,,,,*,#+#,*,,,,,,,,+,***
*,,*,,,,,*,,,,,*+++******,*,,
*,,,,,,,,*,,,,,*,,,,,,,,*,***
*,,,,,*,,*******,,,,,,,*+,*,,


You could see Sonja.

Vanquished Creatures
  A yak (D)
  Sigmund (D)
  An ogre (D)
  A jelly (D)
  Ijyb (D)
5 creatures vanquished.

Vanquished Creatures (others)
  A gargoyle (D)
1 creature vanquished.

Grand Total: 6 creatures vanquished

Notes
Turn   | Place    | Note
--------------------------------------------------------------
     0 | D        | Medar, the Ogre Chaos Knight, began the quest for the Orb.
     0 | D        | Reached XP level 1. HP: 24/24 MP: 1/1
     4 | D        | Noticed Ijyb
     6 | D        | XOM: silly message
    16 | D        | XOM: potion effect (berserk rage)
    17 | D        | Killed Ijyb
    17 | D        | Reached skill level 7 in Maces & Flails
    17 | D        | Reached XP level 2. HP: 32/32 MP: 2/2
    66 | D        | Noticed an ogre
    77 | D        | Killed an ogre
    77 | D        | Reached skill level 5 in Fighting
    77 | D        | Reached skill level 9 in Maces & Flails
    77 | D        | Reached XP level 3. HP: 27/42 MP: 3/3
    77 | D        | Reached XP level 4. HP: 32/50 MP: 4/4
   161 | D        | XOM: harmless Hex miscast
   165 | D        | XOM: harmless Summ miscast
   187 | D        | Noticed Sigmund
   196 | D        | Killed Sigmund
   196 | D        | Reached skill level 10 in Maces & Flails
   196 | D        | Reached XP level 5. HP: 49/61 MP: 5/5
   264 | D        | Found a deep blue altar of Sif Muna.
   265 | D        | Noticed a jelly
   266 | D        | Found a radiant altar of Vehumet.
   269 | D        | Killed a jelly
   269 | D        | Reached skill level 11 in Maces & Flails
   293 | D        | Found Kijuil's Assorted Antiques.
   293 | D        | Found a white marble altar of Elyvilon.
   293 | D        | Found a stormy altar of Qazlal.
   293 | D        | Found a burning altar of Makhleb.
   293 | D        | Found a sacrificial altar of Ru.
   293 | D        | Found a basalt altar of Yredelemnul.
   293 | D        | Found a glowing golden altar of the Shining One.
   293 | D        | Found a sparkling altar of Nemelex Xobeh.
   293 | D        | Found a shimmering altar of Xom.
   293 | D        | Found an opulent altar of Gozag.
   293 | D        | Found an ancient bone altar of Kikubaaqudgha.
   293 | D        | Found a glowing silver altar of Zin.
   293 | D        | Noticed a yak
   298 | D        | Killed a yak
   298 | D        | Reached skill level 13 in Maces & Flails
   298 | D        | Reached XP level 6. HP: 57/75 MP: 6/6
   299 | D        | Found an iron altar of Okawaru.
   300 | D        | Found a bloodstained altar of Trog.
   300 | D        | Killed a gargoyle
   304 | D        | Bought a potion of heal wounds for 115 gold pieces
   306 | D        | Bought a lumpy ruby potion for 20 gold pieces
   306 | D        | Bought 2 amethyst potions for 41 gold pieces
   306 | D        | Bought 3 scrolls labeled GIWKORH GITIM for 69 gold pieces
   307 | D        | Bought a scroll labeled THRUCS NA CHAUS for 23 gold pieces
   307 | D        | Bought a scroll labeled GROFRA MNEWI for 23 gold pieces
   378 | D        | Noticed Sonja
   382 | D        | XOM: smoke on damage
   383 | D        | Slain by Sonja

Action                   |  1- 3 |  4- 6 || total
-------------------------+-------+-------++-------
Melee: Mace              |    21 |       ||    21
       Giant club        |       |    14 ||    14
  Use: Scroll            |       |     5 ||     5
       Potion            |       |     1 ||     1
 Stab: Confused          |     1 |       ||     1
